 Seeded DCSS version 0.29.1-4-g47bece8355 (webtiles) character file.

Game seed: 1 (custom seed)

514141 Kazon the Slayer (level 25, -14/223 HPs)
             Began as a Barachi Berserker on Nov 30, 2022.
             Was the Champion of Trog.
             Demolished by a vault guard
             ... wielding a +1 bardiche
              (16 damage)
             ... on level 5 of the Vaults on Dec 5, 2022.
             The game lasted 06:53:29 (44255 turns).

Kazon the Slayer (Barachi Berserker)               Turns: 44255, Time: 06:53:30

Health: -14/223    AC: 43    Str: 23    XL:     25   Next: 64%
Magic:  23/23      EV:  9    Int: 14    God:    Trog [******]
Gold:   2681       SH: 15    Dex: 15    Spells: 24/24 levels left

rFire   + + +      SeeInvis +   f - +10 Maxwell's thermic engine {flame, freeze}
rCold   + . .      Faith    .   c - +0 kite shield {reflect}
rNeg    + + .      Spirit   .   i - +9 crystal plate armour "Girphem" {rPois}
rPois   +          Reflect  +   D - +0 mask of the Dragon {Will+ Slay+3 SInv}
rElec   .          Harm     .   Q - scarf {rC+ rF+}
rCorr   .          Rampage  .   h - +2 pair of gloves {hurl}
Will    +++++      Rnd*Tele +   H - +2 pair of boots {Fly}
Stlth   ..........              A - amulet "Odemouw" {Contam rPois rF+++ Regen+ Stlth+}
HPRegen 2.27/turn               d - ring of positive energy
MPRegen 0.18/turn               o - ring of positive energy

@: strong-willed, flying, regenerating, studying Dodging, slow
A: amphibious, slowness 1, strong legs 2, +LOS, clever 1, strong-willed 1,
teleportitis 1
}: 2/15 runes: barnacled, gossamer
a: Hop, Renounce Religion, Berserk, Trog's Hand, Brothers in Arms


You were on level 5 of the Vaults.
You worshipped Trog.
Trog was exalted by your worship.
You visited 8 branches of the dungeon, and saw 41 of its levels.
You visited the Abyss 3 times.
You visited 1 bazaar.
You also visited: Desolation.

You collected 7865 gold pieces.
You spent 5184 gold pieces at shops.

Inventory:

Hand Weapons
 e - the +7 captain's cutlass {speed, disarm}
   (You found it in the Desolation of Salt)

   Attacks with this weapon are significantly faster.
   It may disarm weapon-wielding foes when striking them, dealing extra damage
   in the process.
 f - the +10 Maxwell's thermic engine (weapon) {flame, freeze}
   (You found it on level 1 of the Lair of Beasts)

   It burns those it strikes, dealing additional fire damage.
   Big, fiery blades are also staple armaments of hydra-hunters.
   It freezes those it strikes, dealing additional cold damage.
   It can also slow down cold-blooded creatures.
   It becomes more effective when it hits something.
   This effect fades over time.
 q - a +7 vampiric eveningstar
Missiles
 n - 43 boomerangs
 s - 6 atropa-tipped darts
 w - 11 javelins (quivered)
 B - 8 datura-tipped darts
Armour
 c - a +0 kite shield of reflection (worn)
 h - a +2 pair of gloves of hurling (worn)
 i - the +9 crystal plate armour "Girphem" (worn) {rPois}
   (You acquired it on level 1 of the Dungeon)

   rPois:     It protects you from poison.
 D - the +0 mask of the Dragon (worn) {Will+ Slay+3 SInv}
   (You bought it in a shop on level 3 of the Elven Halls)

   Slay:      It affects your accuracy & damage with ranged weapons and melee
   (+3).
   SInv:      It lets you see invisible.
   Will:      It increases your willpower.
 H - a +2 pair of boots of flying (worn)
 Q - a scarf of resistance (worn)
Jewellery
 d - a ring of positive energy (left hand)
 o - a ring of positive energy (right hand)
 A - the amulet "Odemouw" (around neck) {Contam rPois rF+++ Regen+ Stlth+}
   (You bought it in a shop on level 8 of the Dungeon)

   [amulet of regeneration]

   rF:        It renders you almost immune to fire.
   rPois:     It protects you from poison.
   Contam:    It causes magical contamination when unequipped.
   Regen:     It increases your rate of health regeneration.
   Stlth:     It makes you more stealthy.
 F - a ring of protection from cold
 P - the ring "Xacius" {rPois rC+ Will+ Stlth-}
   (You found it in the Desolation of Salt)

   [ring of protection from cold]

   rC:        It protects you from cold.
   rPois:     It protects you from poison.
   Will:      It increases your willpower.
   Stlth:     It makes you less stealthy.
 X - a +6 ring of dexterity
Wands
 g - a wand of roots (32)
 k - a wand of acid (10)
 x - a wand of digging (4)
 G - a wand of mindburst (46)
 L - a wand of paralysis (34)
 N - a wand of flame (7)
 R - a wand of polymorph (27)
Scrolls
 b - 3 scrolls of blinking
 l - 5 scrolls of immolation
 p - a scroll of poison
 r - 8 scrolls of fog
 t - 11 scrolls of teleportation
 v - a scroll of magic mapping
 y - a scroll of summoning
 K - 6 scrolls of fear
 Z - 2 scrolls of silence
Potions
 a - 3 potions of ambrosia
 m - 2 potions of resistance
 u - 14 potions of lignification
 C - 10 potions of haste
 E - 5 potions of cancellation
 I - 19 potions of curing
 J - 8 potions of might
 T - 2 potions of mutation
 U - 3 potions of heal wounds
 W - a potion of invisibility
Miscellaneous
 j - a box of beasts (inert)
 z - a lightning rod (4/4)
 M - a phantom mirror
 O - a condenser vane
 S - a phial of floods


   Skills:
 + Level 24.0 Fighting
 + Level 5.8(15.0) Short Blades
 + Level 22.8(23.1) Long Blades
 + Level 10.1 Maces & Flails
 + Level 20.3 Throwing
 + Level 19.6 Armour
 + Level 11.3 Dodging
 + Level 4.8 Stealth
 + Level 18.5 Shields
 + Level 12.5 Evocations


You had 24 spell levels left.
You didn't know any spells.
Your spell library was empty.

Dungeon Overview and Level Annotations

Branches:
Dungeon (15/15)            Temple (0/1) D:7            Lair (5/5) D:10
 Shoals (4/4) Lair:3       Spider (4/4) Lair:3        Slime (0/5) Lair:4
    Orc (2/2) D:12            Elf (3/3) Orc:2        Vaults (5/5) D:13
  Crypt (0/3) Vaults:3     Depths (3/4) D:15        Desolation (visited)

Altars:
Elyvilon
Hepliaklqana
Kikubaaqudgha
Okawaru
Uskayaw
Xom
Zin
The Shining One
Jiyva

Shops:
D:3 (   D:8 ?(==   D:10 :   D:13 !   Orc:2 ([*=   Elf:2 [?!?   Elf:3 [(
Vaults:1 !   Vaults:2 [   Vaults:3 (((   Vaults:4 *   Depths:2 (

Portals:
Hell: Depths:1 Depths:2
Abyss: Depths:3
Pandemonium: Depths:2 Depths:3
Ziggurat: Depths:1

Annotations:
D:14 3 runed translucent doors, Foerhozi's ghost, journeyman DgAr
Shoals:4 1 runed translucent door, boopmooplesden's ghost, journeyman MiBe
Orc:2 1 runed translucent door, nshep25's ghost, journeyman MiFi
Elf:2 2 transporters, JacoesBerries's ghost, journeyman DECj
Vaults:2 2 transporters, 2 runed translucent doors, exclusion: obsidian statue, gdog's ghost, adept GnDe
Depths:3 exclusion: orange crystal statue


Innate Abilities, Weirdness & Mutations

You are amphibious.
You cover ground slowly.
You can hop long distances.
You have an extended range of vision and can be seen from far away.
Your mind is acute. (Int +4, Str/Dex -1)
You are strong-willed. (Will+)
You are occasionally teleported next to monsters.


Message History

The ettin is heavily wounded.
You block the orc knight's attack.
The ettin hits you with a +0 great mace!!
* * * LOW HITPOINT WARNING * * *
You block the ettin's attack.
The vault guard hits you from afar with a +1 bardiche!
* * * LOW HITPOINT WARNING * * *
You feel much better.
The ironbound convoker points at the storm dragon and mumbles some strange words.
The storm dragon seems to grow stronger.
The orc knight hits you from afar with a +0 bardiche!
* * * LOW HITPOINT WARNING * * *
You block the ettin's attack. The ettin barely misses you.
The vault guard completely misses you.
An orc comes into view. It is wielding a +0 flail.
The orc shouts!
You hear a shout!
You block the vault guard's attack.
Things that are here:
a +0 club; an orc corpse You closely miss the vault guard.
The ironbound convoker casts a spell at something.
The orc knight hits you but does no damage.
A sphinx comes into view.
The vault guard hits you with a +1 bardiche!
* * * LOW HITPOINT WARNING * * *
You hear a shout!
You feel much better.
The sphinx shouts!
You block the ogre's attack.
The ettin hits you but does no damage. x2
The vault guard barely misses you.
The orc knight roars a battlecry!
The orc goes into a battle-frenzy!
You barely miss the vault guard. You block the orc knight's attack.
A stone giant comes into view.
The ettin hits you with a +0 great mace!
* * * LOW HITPOINT WARNING * * *
The ettin hits you with a +0 dire flail!!
* * * LOW HITPOINT WARNING * * *
The vault guard hits you with a +1 bardiche!
You die...

#..#.. #..#..
#.....
#....########
#....[.......
#............
#............
#....p.......
#..†@$.#
#..)CO#.#
#...o#o#
#...#.#D#
#..#.#.#o#
#.. # #.#p#
#.. #)#.# #..
#)#H# #..
#.#C


You could see a storm dragon (strong), a sphinx, a stone giant, a vault guard, 2
orc knights, an ettin, an ironbound convoker, an ogre and an orc (strong).

Vanquished Creatures
  A dread lich (Vaults:4)
  Mara (Spider:4)
  Frederick (Vaults:4)
  Saint Roka (Vaults:4)
  Xtahua (Vaults:4)
  Nikola (Elf:2)
  A bone dragon (Abyss:4)
  A Tzitzimitl (Depths:2)
  2 liches
  Asterion (Elf:3)
  2 titans
  Rupert (D:12)
  2 deep elf blademasters (Elf:3)
  2 deep elf master archers (Elf:3)
  6 sphinxes
  An Executioner (Depths:2)
  An ancient champion (Vaults:3)
  A shadow dragon (Depths:3)
  A tengu reaver (Vaults:5)
  Roxanne (D:15)
  Agnes (Elf:1)
  6 fire giants
  3 deep elf sorcerers (Elf:3)
  2 frost giants
  6 emperor scorpions
  11 vault wardens
  4 ghost moths
  2 imperial myrmidons (Desolation)
  Louise (Elf:3)
  An iron dragon (Depths:3)
  A caustic shrike zombie (Depths:2)
  5 spectral caustic shrikes
  4 orc warlords
  A spectral juggernaut (Depths:3)
  2 angels (Vaults:3)
  A curse skull (Vaults:3)
  A deep elf elementalist (Elf:3)
  4 spriggan defenders
  11 ironbound preservers
  20 very ugly things
  3 broodmothers
  A juggernaut skeleton (Depths:2)
  2 reapers (Depths:2)
  4 deep elf demonologists
  4 stone giants
  3 ironbound thunderhulks
  Nessos (D:12)
  2 war gargoyles
  5 vampire knights
  4 spark wasps
  Snorg (D:14)
  A lorocyproca (Abyss:4)
  2 halazid warlocks (Desolation)
  16 dire elephants
  Azrael (D:12)
  4 deep elf annihilators (Elf:3)
  3 entropy weavers
  3 spectral titans (Depths:3)
  7 deep elf death magi
  An eidolon (Depths:3)
  4 merfolk impalers
  7 merfolk javelineers (Shoals:4)
  4 ettins
  A spectral quicksilver dragon (Depths:3)
  6 ragged hierophants (Desolation)
  A quicksilver dragon zombie (Depths:2)
  A spriggan zombie (Depths:2)
  3 deep elf high priests
  2 spectral spriggans (Depths:3)
  8 ice dragons
  3 rakshasas
  A spectral golden dragon (Depths:3)
  3 fire dragons
  7 great orbs of eyes
  8 yaktaur captains
  5 boulder beetles
  A jiangshi (Vaults:3)
  4 hydras
  6 servants of whispers (Desolation)
  5 spectral tengu
  5 peacekeepers (Desolation)
  A spectral shadow dragon (Depths:3)
  A spectral sphinx (Depths:3)
  Erolcha (D:10)
  A juggernaut simulacrum (Depths:3)
  3 catoblepae
  24 vault guards
  3 merfolk avatars
  A spriggan air mage (Depths:2)
  An alligator snapping turtle (Shoals:4)
  9 centaur warriors
  7 ironbound frosthearts
  A jorogumo (Spider:4)
  A death knight (D:14)
  2 spriggan skeletons (Depths:2)
  5 deep troll shamans
  3 two-headed ogres
  31 dancing weapons
  4 merfolk aquamancers
  4 satyrs
  2 spectral fire giants
  2 spectral frost giants (Depths:3)
  7 tengu warriors
  6 vampire magi
  10 death yaks
  4 deep troll earth magi
  6 death scarabs (Spider:4)
  3 orc high priests (Orc:2)
  5 soul eaters
  2 thrashing horrors (Abyss:4)
  A spectral emperor scorpion (Spider:4)
  16 deep elf knights
  A spectral storm dragon (Depths:3)
  3 wretched stars (Abyss:4)
  A storm dragon zombie (Depths:2)
  6 iron trolls
  10 large abominations
  5 skeletal warriors
  12 pharaoh ants
  2 titan skeletons (Depths:2)
  A fire crab (D:13)
  5 glowing orange brains
  A spatial maelstrom (Abyss:4)
  A spectral spark wasp (Depths:3)
  A sun moth (Spider:1)
  Lodul (D:12)
  A death drake (shapeshifter) (Vaults:2)
  8 steelbarb worms
  A steelbarb worm (shapeshifter) (Depths:3)
  2 golden dragon zombies (Depths:2)
  9 deep elf archers
  41 deep trolls
  12 sea snakes
  6 orb spiders
  15 ironbound convokers
  5 wizards
  2 spectral iron dragons (Depths:3)
  2 necromancers (Depths:2)
  5 phantasmal warriors
  5 spriggan simulacra
  3 lindwurms
  7 spectral wolf spiders
  23 deep elf zephyrmancers
  8 orc knights
  A golden dragon skeleton (Depths:2)
  8 wolf spider zombies
  31 harpies
  5 flayed ghosts
  2 orc sorcerers (Orc:2)
  22 wolf spiders
  A tengu zombie (Depths:2)
  6 cyclopes
  30 deep elf pyromancers
  12 fauns
  45 ugly things
  An iron dragon skeleton (Depths:2)
  A worldbinder (Abyss:4)
  19 manticores
  42 slime creatures
  10 merfolk sirens
  3 moths of wrath
  5 elephants (Lair:4)
  5 black mambas
  17 vault sentinels
  A titan simulacrum (Depths:3)
  A guardian serpent (shapeshifter) (D:13)
  6 water nymphs
  An orange demon (Abyss:4)
  3 guardian serpents (Desolation)
  A storm dragon simulacrum (Depths:3)
  10 cane toads
  8 torpor snails
  4 smoke demons
  Maggie (D:6)
  4 rime drakes
  2 unseen horrors
  An alligator snapping turtle zombie (Abyss:2)
  A rime drake (shapeshifter) (D:15)
  4 freezing wraiths
  A spark wasp simulacrum (Depths:2)
  A golden dragon simulacrum (Depths:3)
  3 kobold demonologists (D:11)
  15 komodo dragons
  2 spectral redbacks (Spider:4)
  2 redback zombies (Spider:4)
  14 demonic crawlers
  2 spectral glowing shapeshifters (Depths:3)
  2 tormentors (Depths:2)
  A spectral human (Depths:2)
  2 tengu conjurers
  2 efreet
  4 trolls
  29 yaktaurs
  A queen bee (shapeshifter) (Elf:1)
  20 merfolk
  Prince Ribbit (D:9)
  8 meliai (Spider:4)
  A queen bee (Spider:4)
  25 tarantellas
  A troll (shapeshifter) (Elf:1)
  A spectral culicivora (Spider:4)
  A spectral jumping spider (Spider:4)
  8 wind drakes
  2 shadow dragon simulacra (Depths:3)
  A sphinx simulacrum (Depths:3)
  2 jumping spider zombies (Spider:4)
  4 tengu simulacra (Depths:3)
  2 tarantella zombies (Spider:4)
  2 wolf spider simulacra (Spider:1)
  A raiju (Abyss:2)
  4 hornets
  49 saltlings (Desolation)
  11 dream sheep
  17 blink frogs
  A spectral floating eye (Depths:2)
  2 fire giant simulacra (Depths:2)
  11 snapping turtles
  A frost giant simulacrum (Depths:2)
  33 jumping spiders
  2 shadows
  A ynoxinul (Abyss:2)
  2 vampires
  3 spriggans (Depths:3)
  2 air elementals (Elf:3)
  25 starcursed masses
  25 water elementals
  2 wraiths (D:12)
  58 yaks
  30 culicivoras
  3 fire elementals
  5 wyverns
  6 basilisks
  Eustachio (D:5)
  A neqoxec (Abyss:4)
  49 redbacks
  A chaos spawn (Abyss:4)
  2 steam dragons
  6 vampire mosquitoes
  3 minotaur simulacra (D:14)
  Menkaure (D:5)
  Edmund (D:6)
  A warg (Orc:1)
  A spatial vortex (Abyss:4)
  4 small abominations
  2 acid dragons
  16 water moccasins
  2 hell hounds
  34 orc warriors
  2 ice beasts
  5 sky beasts
  2 black bears (D:6)
  3 boggarts (Vaults:2)
  4 centaurs
  11 ogres
  A wolf (D:10)
  2 phantoms (D:6)
  3 kobold brigands
  2 earth elementals
  3 necrophages
  5 bullfrogs
  2 deep troll simulacra (D:14)
  A glowing shapeshifter simulacrum (Depths:2)
  A gnoll sergeant (D:7)
  10 scorpions
  19 wights
  19 killer bees
  3 electric eels
  A howler monkey (D:5)
  2 jellies (D:6)
  6 hounds
  28 orc priests
  2 gnoll boudas
  6 iguanas
  28 orc wizards
  4 hell rats (Lair:3)
  Robin (D:3)
  18 gnolls
  13 adders
  3 shadow imps
  2 white imps (D:7)
  An ufetubus (D:5)
  4 worms
  91 orcs
  11 endoplasms
  3 giant cockroaches
  16 goblins
  8 hobgoblins
  A jackal (D:4)
  26 kobolds
  A quokka (D:1)
  5 ball pythons
  4 bats
  3 frilled lizards
  6 rats
  A plant (Lair:5)
1927 creatures vanquished.

Vanquished Creatures (collateral kills)
  An Executioner (Depths:2)
  Donald (Orc:2)
  A vault warden (Vaults:2)
  2 ironbound preservers (Vaults:3)
  A very ugly thing (Vaults:3)
  An ironbound thunderhulk (Vaults:3)
  A deep elf demonologist (Elf:3)
  2 crystal guardians (Desolation)
  A yaktaur captain (Vaults:3)
  2 vault guards (Vaults:2)
  Fannar (Lair:2)
  A servant of whispers (Desolation)
  A catoblepas (Lair:5)
  A centaur warrior (Vaults:3)
  2 death scarabs (Spider:4)
  A spectral emperor scorpion (Spider:4)
  Urug (Orc:1)
  2 deep elf knights (Elf:2)
  A pharaoh ant (Spider:4)
  An orb spider (Spider:4)
  2 deep elf zephyrmancers (Elf:2)
  An ironbound convoker (Desolation)
  4 orc sorcerers
  A broodmother zombie (Spider:4)
  A vault sentinel (Vaults:2)
  A cane toad (Lair:2)
  A spectral redback (Spider:4)
  A kobold demonologist (D:11)
  A redback zombie (Spider:4)
  A troll (Orc:1)
  A meliai (Spider:4)
  A spectral jumping spider (Spider:4)
  5 saltlings (Desolation)
  A culicivora zombie (Spider:4)
  A culicivora (Spider:4)
  5 yaks (Lair:5)
  A redback (Spider:4)
  A warg (Orc:1)
  5 orc warriors
  A bullfrog (Lair:2)
  2 wights (D:8)
  3 orc priests (Orc:2)
  2 orc wizards
  9 orcs
  A kobold (D:11)
78 creatures vanquished.

Vanquished Creatures (others)
  An entropy weaver (Spider:3)
  A merfolk impaler (Shoals:4)
  A manticore (Shoals:4)
  A cane toad (shapeshifter) (D:14)
  A large abomination (Abyss:4)
  2 centaur simulacra (D:14)
  An air elemental (Elf:2)
  A culicivora (Spider:3)
  A vampire (Abyss:4)
  An orc warrior (Orc:2)
  2 orc wizards
  An orc (Orc:2)
  A quokka (D:7)
  15 fungi
  A lurking horror (Abyss:4)
  57 plants
  A starspawn tentacle (Abyss:4)
89 creatures vanquished.

Grand Total: 2094 creatures vanquished

Notes
Turn   | Place    | Note
-------+----------+-------------------------------------------
     0 | D:1      | Kazon the Barachi Berserker began the quest for the Orb.
     0 | D:1      | Reached XP level 1. HP: 18/18 MP: 1/1
    30 | D:1      | Identified a scroll of acquirement
    30 | D:1      | Acquired the +9 crystal plate armour "Girphem" {rPois}
   106 | D:1      | Reached XP level 2. HP: 21/25 MP: 2/2
   395 | D:1      | Reached skill level 4 in Fighting
   652 | D:2      | Reached XP level 3. HP: 30/30 MP: 3/3
  1008 | D:2      | Reached ** piety under Trog
  1093 | D:2      | Reached skill level 5 in Long Blades
  1099 | D:2      | Reached XP level 4. HP: 24/38 MP: 4/4
  1283 | D:3      | Found Umat's Antique Weapon Boutique.
  1310 | D:3      | Bought a crude falchion for 184 gold pieces
  1310 | D:3      | Identified the +3 falchion of Winter {venom, rCorr} (You
                  | bought it in a shop on level 3 of the Dungeon)
  1502 | D:3      | Reached XP level 5. HP: 43/43 MP: 5/5
  1582 | D:3      | Noticed Robin
  1606 | D:3      | Killed Robin
  1607 | D:3      | Reached skill level 1 in Short Blades
  1655 | D:3      | Reached skill level 7 in Fighting
  1655 | D:3      | Reached skill level 5 in Short Blades
  1655 | D:3      | Reached skill level 5 in Dodging
  1655 | D:3      | Reached XP level 6. HP: 56/56 MP: 6/6
  2066 | D:4      | Reached *** piety under Trog
  2137 | D:4      | Reached XP level 7. HP: 61/61 MP: 7/7
  2673 | D:4      | Found a hazy altar of Hepliaklqana.
  2733 | D:5      | Entered Level 5 of the Dungeon
  2761 | D:5      | Noticed Menkaure
  2776 | D:5      | Killed Menkaure
  2777 | D:5      | Reached XP level 8. HP: 30/68 MP: 8/8
  2885 | D:5      | Reached skill level 8 in Fighting
  2966 | D:5      | Noticed Eustachio
  2974 | D:5      | Reached skill level 5 in Throwing
  2990 | D:5      | Killed Eustachio
  3683 | D:6      | Noticed Maggie
  3703 | D:6      | Killed Maggie
  3704 | D:6      | Reached skill level 1 in Evocations
  3704 | D:6      | Reached XP level 9. HP: 50/74 MP: 9/9
  3773 | D:6      | Reached **** piety under Trog
  3895 | D:6      | Noticed Edmund
  3915 | D:6      | Killed Edmund
  4037 | D:6      | Reached skill level 1 in Shields
  4042 | D:6      | Reached skill level 1 in Maces & Flails
  4057 | D:6      | Reached skill level 10 in Long Blades
  4173 | D:6      | Reached XP level 10. HP: 81/82 MP: 10/10
  4987 | D:7      | Found a white marble altar of Elyvilon.
  5076 | D:7      | Reached ***** piety under Trog
  5088 | D:7      | Found a staircase to the Ecumenical Temple.
  5151 | D:7      | Found a hide-covered altar of Uskayaw.
  5368 | D:8      | Found Esumer's Weapon Shop.
  5573 | D:8      | Found Quzidd's Magic Scroll Emporium.
  5599 | D:8      | Bought a scroll of teleportation for 42 gold pieces
  5711 | D:8      | Found Heidghoki's Jewellery Shop.
  5921 | D:8      | Found Zoxtaeshakh's Jewellery Boutique.
  6237 | D:9      | Noticed Prince Ribbit
  6246 | D:9      | Killed Prince Ribbit
  6376 | D:9      | Reached skill level 9 in Fighting
  6689 | D:9      | Noticed a two-headed ogre
  6703 | D:9      | Killed a two-headed ogre
  6704 | D:9      | Reached XP level 11. HP: 43/89 MP: 11/11
  6867 | D:10     | Entered Level 10 of the Dungeon
  7164 | D:10     | Reached skill level 5 in Evocations
  7253 | D:10     | Found a staircase to the Lair.
  7288 | D:10     | Received a gift from Trog
  7403 | D:10     | Found Juagoaq's Book Shoppe.
  7510 | D:10     | Identified the +5 long sword of the Land of Plenty {drain,
                  | Dex+3}
  7562 | D:10     | Noticed Erolcha
  7585 | D:10     | Killed Erolcha
  8015 | D:11     | Noticed a green ugly thing
  8033 | D:11     | Killed a green ugly thing
  8034 | D:11     | Reached skill level 5 in Maces & Flails
  8085 | Lair:1   | Entered Level 1 of the Lair of Beasts
  8162 | Lair:1   | Found the +2 Maxwell's thermic engine {flame, freeze}
  8219 | Lair:1   | Reached skill level 10 in Armour
  8349 | D:11     | Reached XP level 12. HP: 97/97 MP: 12/12
  8351 | D:11     | Reached skill level 10 in Fighting
  8364 | D:11     | Noticed a sun demon
  9079 | D:12     | Noticed Lodul
  9095 | D:12     | Killed Lodul
  9309 | D:8      | Bought the amulet "Odemouw" {Contam rPois rF+++ Regen+
                  | Stlth+} for 734 gold pieces
  9918 | Lair:2   | Noticed Fannar
  9921 | Lair:2   | Noticed a catoblepas
  9944 | Lair:2   | Killed Fannar
  9951 | Lair:2   | Killed a catoblepas
  9980 | Lair:2   | Reached skill level 1 in Stealth
 10106 | Lair:2   | Reached skill level 11 in Fighting
 10185 | Lair:2   | Gained mutation: You can hop long distances. [Barachi
                  | growth]
 10185 | Lair:2   | Reached XP level 13. HP: 106/106 MP: 13/13
 10722 | Lair:3   | Found a hole to the Spider Nest.
 10828 | Lair:3   | Found an ancient bone altar of Kikubaaqudgha.
 10841 | Lair:3   | Received a gift from Trog
 10998 | Lair:3   | Found a staircase to the Shoals.
 11568 | Lair:4   | Found a staircase to the Slime Pits.
 11569 | Lair:4   | Found a viscous altar of Jiyva.
 11684 | Lair:4   | Reached skill level 15 in Long Blades
 11732 | Lair:4   | Identified the +3 battleaxe "Adididghufym" {antimagic, rF+
                  | Will+}
 12017 | Lair:5   | Entered Level 5 of the Lair of Beasts
 12243 | Lair:5   | Reached XP level 14. HP: 114/114 MP: 14/14
 12252 | Lair:5   | Reached skill level 12 in Fighting
 12481 | Lair:5   | Reached skill level 5 in Shields
 12619 | Lair:5   | Reached skill level 10 in Evocations
 13462 | D:12     | Found a staircase to the Orcish Mines.
 13514 | D:12     | Noticed Nessos
 13519 | D:12     | Killed Nessos
 13629 | D:12     | Upgraded the game from 0.29.1-2-gbd0b4ee654 to
                  | 0.29.1-4-g47bece8355
 13701 | D:12     | Noticed Rupert
 13708 | D:12     | Killed Rupert
 13922 | D:13     | Noticed Azrael
 13933 | D:12     | Killed Azrael
 14203 | D:13     | Reached skill level 13 in Fighting
 14227 | D:13     | Found Ituota Roil's Distillery.
 14368 | D:13     | Received a gift from Trog
 14601 | D:13     | Reached XP level 15. HP: 120/124 MP: 15/15
 14604 | D:13     | Found a gate to the Vaults.
 14829 | Spider:1 | Entered Level 1 of the Spider Nest
 15129 | Spider:1 | Reached skill level 14 in Fighting
 15382 | Spider:1 | Acquired a manual of Throwing
 15465 | Spider:1 | Reached skill level 10 in Throwing
 15655 | Spider:1 | Noticed an emperor scorpion
 15667 | Spider:1 | Killed an emperor scorpion
 16005 | Spider:1 | Reached skill level 15 in Fighting
 16070 | Spider:1 | Noticed a ghost moth
 16078 | Spider:1 | Killed a ghost moth
 16662 | Spider:2 | Noticed an emperor scorpion
 16679 | Spider:2 | Killed an emperor scorpion
 16761 | Spider:2 | Reached XP level 16. HP: 136/136 MP: 16/16
 17461 | Spider:3 | Identified the +1 double sword of the Nexus {flame, Will+}
                  | (Trog gifted it to you on level 3 of the Spider Nest)
 17461 | Spider:3 | Received a gift from Trog
 17872 | Spider:3 | Reached skill level 16 in Fighting
 18415 | Spider:4 | Entered Level 4 of the Spider Nest
 18688 | Spider:4 | Received a gift from Trog
 19271 | Spider:4 | Reached skill level 15 in Armour
 19366 | Spider:4 | Reached XP level 17. HP: 128/146 MP: 17/17
 19389 | Spider:4 | Noticed Mara
 19397 | Spider:4 | Noticed Kazon's illusion
 19409 | Spider:4 | Noticed Kazon's illusion
 19432 | Spider:4 | Noticed Kazon's illusion
 19451 | Spider:4 | Killed Mara
 19452 | Spider:4 | Reached skill level 17 in Fighting
 20219 | Spider:4 | Reached ****** piety under Trog
 20304 | Spider:4 | Received a gift from Trog
 20349 | Spider:4 | Got a gossamer rune of Zot
 20648 | Orc:1    | Entered Level 1 of the Orcish Mines
 20660 | Orc:1    | Noticed Urug
 20666 | Orc:1    | Killed Urug
 21155 | Orc:2    | Entered Level 2 of the Orcish Mines
 21155 | Orc:2    | Found a staircase to the Elven Halls.
 21236 | Orc:2    | Received a gift from Trog
 21297 | Orc:2    | Noticed nshep25's ghost (journeyman MiFi)
 21370 | Orc:2    | Noticed Donald
 21378 | Orc:2    | Killed Donald
 21379 | Orc:2    | Found a runed translucent door.
 21425 | Orc:2    | Reached skill level 15 in Throwing
 21870 | Orc:2    | Paralysed by an orc sorcerer for 3 turns
 21878 | Orc:2    | Received a gift from Trog
 22166 | Orc:2    | Found Leshref's General Store.
 22167 | Orc:2    | Found Geemeife's Jewellery Shoppe.
 22172 | Orc:2    | Found Pisuawn's Antique Armour Emporium.
 22172 | Orc:2    | Found Luduu's Antique Weapon Emporium.
 22214 | Orc:2    | Bought a pair of glowing boots for 172 gold pieces
 22234 | Orc:2    | Bought a potion of heal wounds for 60 gold pieces
 22234 | Orc:2    | Bought a scroll of fear for 48 gold pieces
 22234 | Orc:2    | Bought a potion of curing for 36 gold pieces
 22547 | Shoals:1 | Entered Level 1 of the Shoals
 22728 | Shoals:1 | Reached XP level 18. HP: 110/156 MP: 18/18
 22796 | Shoals:1 | Reached skill level 10 in Shields
 22984 | Shoals:1 | Reached skill level 18 in Fighting
 23091 | Shoals:1 | Received a gift from Trog
 23816 | Shoals:2 | Identified the +4 chain mail of the Enchanted Forest
                  | {*Corrode Dex+6}
 24809 | Elf:1    | Entered Level 1 of the Elven Halls
 24866 | Elf:1    | Received a gift from Trog
 24982 | Elf:1    | Noticed Agnes
 24991 | Elf:1    | Killed Agnes
 25079 | Abyss:2  | Cast into level 2 of the Abyss (a deep elf demonologist)
 25449 | Elf:1    | Escaped the Abyss
 25465 | Elf:1    | Received a gift from Trog
 25968 | D:14     | Found a frozen archway.
 26172 | D:14     | Identified the +6 scale mail "Voetobuo" {Int-3 Dex+8}
 26180 | D:14     | Noticed Snorg
 26196 | D:14     | Killed Snorg
 26340 | D:14     | Found a runed translucent gate.
 26340 | D:14     | Found a runed translucent gate.
 26342 | D:14     | Found a runed translucent gate.
 26343 | D:14     | Noticed Foerhozi's ghost (journeyman DgAr)
 26365 | D:14     | Reached XP level 19. HP: 147/165 MP: 19/19
 26531 | D:14     | Noticed an iron giant
 26531 | D:14     | a fenstrider witch changed into an iron giant
 26532 | D:14     | an iron giant changed into an iron dragon
 26534 | D:14     | Noticed a caustic shrike
 26534 | D:14     | an iron dragon changed into a caustic shrike
 26544 | D:14     | Noticed a shard shrike
 26544 | D:14     | a titan changed into a shard shrike
 26547 | D:14     | Noticed a juggernaut
 26547 | D:14     | a shard shrike changed into a juggernaut
 26547 | D:14     | a juggernaut changed into a rockslime
 26550 | D:14     | Noticed a juggernaut
 26550 | D:14     | a rockslime changed into a juggernaut
 26552 | D:14     | Noticed a caustic shrike
 26552 | D:14     | a juggernaut changed into a caustic shrike
 26553 | D:14     | a caustic shrike changed into an iron dragon
 26590 | D:14     | Noticed a golden dragon
 26590 | D:14     | an iron dragon changed into a golden dragon
 26590 | D:14     | Noticed a caustic shrike
 26590 | D:14     | a golden dragon changed into a caustic shrike
 26591 | D:14     | a caustic shrike changed into an acid blob
 26595 | D:14     | Noticed a golden dragon
 26595 | D:14     | an acid blob changed into a golden dragon
 26620 | D:15     | Entered Level 15 of the Dungeon
 26716 | D:15     | Reached skill level 19 in Fighting
 27212 | D:15     | Identified Roxanne's Parchment of Spelunking
 27212 | D:15     | Noticed Roxanne
 27279 | D:15     | Received a gift from Trog
 27382 | D:15     | Paralysed by a great orb of eyes for 5 turns
 27405 | D:15     | Found a staircase to the Depths.
 27779 | Shoals:4 | Entered Level 4 of the Shoals
 28193 | Shoals:4 | Got a barnacled rune of Zot
 28490 | Shoals:4 | Found a runed translucent door.
 28491 | Shoals:4 | Found a shimmering altar of Xom.
 28491 | Shoals:4 | Noticed boopmooplesden's ghost (journeyman MiBe)
 28514 | Shoals:4 | Identified the ring of Zuegae {rPois rF+ rC- MP+9}
 28717 | Shoals:4 | Received a gift from Trog
 29069 | Vaults:1 | Entered Level 1 of the Vaults
 29209 | Vaults:1 | Reached skill level 20 in Fighting
 29281 | Vaults:1 | Reached XP level 20. HP: 105/176 MP: 20/20
 29821 | Vaults:1 | Received a gift from Trog
 29885 | Vaults:1 | Found Quvviufo's Distillery.
 29891 | Vaults:1 | Bought a potion of curing for 36 gold pieces
 29891 | Vaults:1 | Bought a potion of heal wounds for 60 gold pieces
 29891 | Vaults:1 | Bought a potion of heal wounds for 60 gold pieces
 30351 | Vaults:2 | Found Afiul's Antique Armour Boutique.
 30355 | Vaults:2 | Bought ichor-stained fire dragon scales for 1885 gold
                  | pieces
 30355 | Vaults:2 | Identified the +7 fire dragon scales "Gysobbeu" {-Tele rF++
                  | rC- rN+++ rCorr Dex-3} (You bought it in a shop on level 2
                  | of the Vaults)
 30355 | Vaults:2 | Bought a glowing orb for 348 gold pieces
 30963 | Elf:2    | Found Zoshugie's Magic Scroll Shoppe.
 30964 | Elf:2    | Found Hiosedoa's Distillery.
 30979 | Elf:2    | Found Uddis's Antique Armour Shoppe.
 30980 | Elf:2    | Found Wuev's Magic Scroll Emporium.
 30987 | Elf:2    | Bought a potion of curing for 36 gold pieces
 30987 | Elf:2    | Bought a potion of curing for 36 gold pieces
 31107 | Elf:1    | Found an ancient bone altar of Kikubaaqudgha.
 31126 | Elf:2    | Found a transporter.
 31129 | Elf:2    | Noticed JacoesBerries's ghost (journeyman DECj)
 31192 | Elf:2    | Found a transporter.
 31430 | Elf:2    | Received a gift from Trog
 31589 | Elf:2    | Found a huge runed translucent gate.
 31589 | Elf:2    | Found a huge runed translucent gate.
 31589 | Elf:2    | Found a huge runed translucent gate.
 31590 | Elf:2    | Found a huge runed translucent gate.
 31590 | Elf:2    | Found a huge runed translucent gate.
 31917 | Elf:2    | Noticed Nikola
 31979 | Elf:2    | Killed Nikola
 32212 | Elf:3    | Entered Level 3 of the Elven Halls
 32239 | Elf:3    | Reached skill level 21 in Fighting
 32284 | Elf:3    | Paralysed by an air elemental for 1 turns
 32336 | Elf:3    | Noticed Asterion
 32363 | Elf:3    | Killed Asterion
 32364 | Elf:3    | Reached XP level 21. HP: 74/186 MP: 21/21
 32535 | Elf:3    | Noticed Louise
 32535 | Abyss:2  | Cast into level 2 of the Abyss (Louise)
 32566 | Elf:3    | Escaped the Abyss
 32577 | Elf:3    | Killed Louise
 32661 | Elf:3    | Received a gift from Trog
 32690 | Elf:3    | Found Ecsiwk's Weapon Shop.
 33046 | Elf:3    | Found Cel Ymun's Antique Armour Boutique.
 33061 | Elf:3    | Bought the +0 mask of the Dragon {Will+ Slay+3 SInv} for
                  | 1235 gold pieces
 33061 | Elf:3    | Found the +0 mask of the Dragon {Will+ Slay+3 SInv}
 33281 | Elf:3    | Identified the +3 robe of the Original Sin {Will+}
 33458 | Elf:3    | Identified the +3 quarterstaff of the Vase {venom, rC+}
 33468 | Elf:3    | Identified the +8 flail of Qocw {holy, *Slow rElec Str+6
                  | Int+2}
 33478 | Abyss:3  | Cast into level 3 of the Abyss (a deep elf sorcerer)
 33485 | Abyss:3  | Found a corrupted altar of Lugonu.
 33550 | Abyss:4  | Paralysed by accursed screaming for 1 turns
 33556 | Abyss:4  | Paralysed by accursed screaming for 1 turns
 33575 | Abyss:4  | Gained mutation: You have hidden genetic defects. [a
                  | neqoxec]
 33634 | Abyss:4  | Identified the +2 triple sword of Duluipp {flame, rPois rF+
                  | Str+3} (Trog gifted it to you on level 4 of the Abyss)
 33634 | Abyss:4  | Received a gift from Trog
 33724 | Abyss:4  | Noticed a bone dragon
 33784 | Abyss:4  | Killed a bone dragon
 33896 | Elf:3    | Escaped the Abyss
 34068 | Elf:3    | Reached skill level 15 in Shields
 34149 | Elf:3    | Identified the +0 pair of gloves of Distant Shores {Harm
                  | rN++}
 34355 | Depths:1 | Entered Level 1 of the Depths
 34381 | Depths:1 | Gained mutation: You are dopey. (Int -2) [hidden defects]
 34382 | Depths:1 | Lost mutation: You have hidden genetic defects. [potion of
                  | mutation]
 34382 | Depths:1 | Lost mutation: You are dopey. (Int -2) [potion of mutation]
 34382 | Depths:1 | Gained mutation: You are occasionally teleported next to
                  | monsters. [potion of mutation]
 34382 | Depths:1 | Gained mutation: Your mind is acute. (Int +4, Str/Dex -1)
                  | [potion of mutation]
 34505 | Depths:1 | Found a gateway to Hell.
 34571 | Depths:1 | Found a one-way gateway to a ziggurat.
 34609 | Depths:1 | Received a gift from Trog
 34632 | Depths:1 | Found a flickering gateway to a bazaar.
 34648 | Bazaar   | Entered a bazaar
 34670 | Bazaar   | Found Fesotas's Book Boutique.
 34670 | Bazaar   | Found Totziet's Assorted Antiques.
 34715 | Bazaar   | Found Reheffocs's Weapon Shop.
 34715 | Bazaar   | Found Daotseq's Book Boutique.
 34731 | Bazaar   | Bought 3 atropa-tipped darts for 27 gold pieces
 34750 | Bazaar   | Bought a short gold wand for 80 gold pieces
 34750 | Bazaar   | Bought a scroll of fear for 80 gold pieces
 34791 | Depths:1 | Found an iron altar of Okawaru.
 35494 | Depths:2 | Reached XP level 22. HP: 177/196 MP: 22/22
 35539 | Depths:2 | Found Xywunomm's Antique Weapon Emporium.
 35757 | Depths:2 | Found an ancient bone altar of Kikubaaqudgha.
 35856 | Depths:2 | Reached skill level 22 in Fighting
 35860 | Depths:2 | Received a gift from Trog
 36060 | Depths:2 | Identified the ring of Rallilit {Fire Int+5 Dex+4}
 36213 | Depths:2 | Found the amulet of Vitality {RegenMP++ Regen++}
 36256 | Depths:2 | Identified the +4 rapier "Missunko" {vorpal, rN+ Will-
                  | Str+4 Int-5 Stlth+}
 36753 | Depths:2 | Found a one-way gate leading to the halls of Pandemonium.
 36900 | Depths:2 | Gained mutation: You are strong-willed. (Will+) [mutagenic
                  | glow]
 37073 | D:15     | Killed Roxanne
 37183 | Vaults:2 | Identified the +6 battleaxe of the Neverending Dances
                  | {vorpal, rN++ Str-4}
 37281 | Vaults:2 | Found a transporter.
 37281 | Vaults:2 | Found the +3 pair of seven-league boots {Rampage+∞}
 37291 | Vaults:2 | Found a transporter.
 37354 | Vaults:2 | Received a gift from Trog
 37911 | Vaults:2 | Found a large runed translucent door.
 37911 | Vaults:2 | Found a large runed translucent door.
 37911 | Vaults:2 | Noticed gdog's ghost (adept GnDe)
 37931 | Vaults:2 | Received a gift from Trog
 38343 | Vaults:3 | Found a glowing silver altar of Zin.
 38343 | Vaults:3 | Found a glowing golden altar of the Shining One.
 38344 | Vaults:3 | Found a crumbling gateway.
 38345 | Vaults:3 | Found a white marble altar of Elyvilon.
 38395 | Desolati | Entered the Desolation of Salt
 38499 | Desolati | Reached XP level 23. HP: 33/205 MP: 23/23
 38502 | Desolati | Reached skill level 10 in Dodging
 38502 | Desolati | HP: 11/307 [halazid warlock (10)]
 38504 | Desolati | HP: 2/307 [halazid warlock (13)]
 38577 | Desolati | Identified the +8 arbalest "Luefib" {freeze, Will+ Stlth+}
 38584 | Desolati | Identified the +3 leather armour of Hionoo {Int+3}
 38609 | Desolati | Found the +7 captain's cutlass {speed, disarm}
 38659 | Desolati | Identified the +8 shadow dragon scales of the Dungeon {Harm
                  | +Inv rElec Will- Stlth++++}
 38971 | Desolati | Identified the +2 leather armour of Vlad {Contam rElec
                  | Int+2 Slay+5}
 38973 | Desolati | Identified the ring "Xacius" {rPois rC+ Will+ Stlth-}
 39283 | Vaults:3 | Found a staircase to the Crypt.
 39675 | Vaults:3 | Reached skill level 23 in Fighting
 39782 | Vaults:3 | Found Ithruantu's Weapon Emporium.
 39835 | Vaults:3 | Found Fuedgh's Weapon Shop.
 39837 | Vaults:3 | Found Miyguykosh's Book Boutique.
 39888 | Vaults:3 | Found Feafaf's Weapon Emporium.
 39896 | Vaults:3 | Received a gift from Trog
 40166 | Vaults:3 | Identified the +0 helmet of Saadutol {Will+}
 41723 | Depths:3 | Received a gift from Trog
 41782 | Depths:3 | Reached XP level 24. HP: 215/215 MP: 23/23
 41822 | Depths:3 | Found a one-way gate to the infinite horrors of the Abyss.
 41870 | Depths:3 | Identified the +0 battleaxe "Beetle's Nightmare" {drain,
                  | rElec rPois rF++ Int-2}
 41874 | Depths:3 | Reached XP level 25. HP: 212/221 MP: 23/23
 42733 | Vaults:4 | Noticed Xtahua
 42739 | Vaults:4 | Killed Xtahua
 42797 | Vaults:4 | Noticed Saint Roka
 42809 | Vaults:4 | Identified the +7 rapier of Dipterij {vorpal, Int+2}
 42825 | Vaults:4 | Killed Saint Roka
 42830 | Vaults:4 | Received a gift from Trog
 43314 | Vaults:4 | Noticed Frederick
 43324 | Vaults:4 | Killed Frederick
 43539 | Vaults:4 | Found Arahod's General Store.
 43546 | Vaults:4 | Bought 4 datura-tipped darts for 25 gold pieces
 43841 | Vaults:5 | Entered Level 5 of the Vaults
 43845 | Vaults:5 | Noticed a dread lich
 43859 | Vaults:4 | Reached skill level 10 in Maces & Flails
 44160 | Vaults:4 | Killed a dread lich
 44221 | Vaults:5 | Identified the +0 chain mail "Cipil" {rElec MP-9 Dex+4}
 44230 | Vaults:5 | Received a gift from Trog
 44231 | Vaults:5 | Reached skill level 24 in Fighting
 44255 | Vaults:5 | HP: 2/223 [ettin/+0 great mace (24)]
 44255 | Vaults:5 | Demolished by a vault guard

Illustrated notes

Levels and vault maps discovered:
D:1:      dpeg_arrival_three_smaller_balls, layout_basic
D:2:      layout_loops_ring
D:3:      layout_basic, serial_shops, nicolae_shop_stone, st_stairs_9,
          minmay_misc_feat_doors, eino_curves_03, uniq_robin
D:4:      minmay_wonky_spiral, layout_basic,
          mainiacjoe_overflow_surrounded_room, minivault_5
D:5:      layout_cave_pods, uniq_menkaure, uniq_eustachio
D:6:      cheibrodos_barr_body, layout_basic, minmay_crystal_room,
          minmay_pentangle, uniq_maggie, uniq_edmund
D:7:      layout_cave_pools, nicolae_uskayaw_murder_on_the_dancefloor,
          elyvilon_altar_4, minmay_temple_entry_purple_smoke
D:8:      layout_basic, serial_shops, shop_statue, kennysheep_little_box, shop,
          nicolae_shop_window_shopping
D:9:      layout_cave_pools, uniq_prince_ribbit1
D:10:     layout_stronghold, erik_lair_island, serial_shops,
          nicolae_shop_statue_plus, uniq_erolcha
D:11:     layout_roguey
D:12:     layout_loops_ring, orc_0_dummy, chequers_serial_rivers_marsh,
          uniq_lodul, uniq_nessos, uniq_rupert
D:13:     layout_gridville, david_vaults_5, serial_shops,
          nicolae_shop_behind_doors, minmay_fractal_squares_gapless_5,
          uniq_azrael
D:14:     layout_roguey, minmay_misc_feat_secret_circle, gammafunk_ghost_split,
          portal_ice_cave_entry_ice_simulacra, uniq_snorg
D:15:     hangedman_depths_entry_try_elsewhere_first, layout_loops_corners,
          uniq_roxanne
Lair:1:   layout_long_grid, fungi_pond_lemuel, cheibrodos_lair_reptile_den
Lair:2:   layout_gridlike, uniq_fannar
Lair:3:   layout_roguey, minmay_shoals_entry_hut,
          nicolae_spider_entry_non_spiders, basic_altar, serial_bayou_crossing
Lair:4:   layout_gridlike, slime_entry_1, serial_rivers,
          chequers_serial_rivers_room_a, chequers_serial_rivers_micro_c,
          chequers_serial_rivers_room_a, chequers_serial_rivers_micro_e,
          minivault_27, grunt_megastairs_3, infiniplex_staircase_pool_2
Lair:5:   evilmike_catoblepas_cave, layout_long_grid
Shoals:1: layout_shoals, nicolae_shoals_lost_giant_pillars
Shoals:2: layout_shoals
Shoals:3: layout_shoals
Shoals:4: shoals_end_simple, layout_shoals, ebering_ghost_xom
Spider:1: layout_chambers, nicolae_spider_undead_wolf_pack
Spider:2: layout_cave_pods
Spider:3: layout_spider_delve
Spider:4: floodkiller_spider_rune_tomb, special_room [special_room_bee],
          uniq_mara
Orc:1:    layout_caves, basic_altar, uniq_urug
Orc:2:    st_orc_congregation, layout_caves, gauntlet_entry_generic,
          hellmonk_ghost_happy_afterlife, uniq_donald
Elf:1:    layout_gridlike, minmay_elf_demonology, lemuel_upstairs_altar,
          uniq_agnes
Elf:2:    elven_hall_of_blades_hangedman_alternative
          [nicolae_blade_entry_diamond_columns], layout_geoelf_diagonals,
          gammafunk_ghost_arena, minmay_shoptagon, uniq_nikola
Elf:3:    elf_hall_gauntlet_narrow, layout_gridlike, serial_shops,
          nicolae_shop_overgrown_old_shop, nicolae_shop_advertising_works
          [nicolae_subvault_shop_adworks], uniq_louise, uniq_asterion
Vaults:1: nicolae_vaults_little_squares_1, v_misc_5, hangedman_vaults_stitches,
          hangedman_vaults_cutoff, grunt_vaults_trifunnel, v_misc_19,
          nicolae_vaults_three_branches, vaults_room_pool,
          vaults_room_door_hall, nicolae_vaults_little_ls,
          nicolae_vaults_rhombus_7, layout_vaults_omnicross, serial_shops, shop
Vaults:2: advil_vaults_ghost_guards, gammafunk_sealed_arena,
          hangedman_vaults_snaps, vaults_room_semicircle,
          hangedman_vaults_slither, v_alt_pattern_4, v_alt_pattern_3,
          hangedman_vaults_cutoff, vaults_mumra_lcd, nicolae_vaults_rhombus_6,
          ontoclasm_vaults_spin, grunt_vaults_focal, layout_vaults_ring,
          serial_shops, shop_statue
Vaults:3: portal_desolation_entry_holy_temple, vaults_room_grunt_arrival_ludios,
          minmay_crypt_entry_simple_walls, nicolae_vaults_little_squares_2,
          vaults_room_ringed_pool, hangedman_vaults_pinch, vaults_dpeg_ring,
          nicolae_vaults_circle_grid_b, nicolae_vaults_sealed_display,
          v_pattern_5, layout_vaults_big_room, serial_shops,
          nicolae_square_shop, nicolae_shop_statue_plus, shop, shop_coins
Vaults:4: nicolae_vaults_disjoint_gnomons, kb_rosetta,
          hangedman_vaults_capsules, nicolae_vaults_ring_of_whatevers,
          serial_ice_b, hangedman_vaults_trim, nicolae_vaults_alarming,
          layout_vaults_omnigrid, serial_shops, shop, uniq_frederick,
          uniq_margery, uniq_saint_roka, uniq_xtahua
Vaults:5: uniq_mennas
Depths:1: layout_basic, enter_ziggurat_b, corexii_leaking_fountain,
          serial_shops, freezing_bzr, pf_coc_iceberg,
          serial_sigils_hangedman_etch, grunt_ministairs_7,
          okawaru_altar_gauntlet_db
Depths:2: evilmike_negative_zone, layout_cave_pools, hell_entry, pan_entry,
          serial_shops, shop_fountains, lightli_minifort
Depths:3: lemuel_river_lethe, abyss_entry, hell_entry, pan_entry

Skill      XL: |  1  2  3  4  5  6  7  8  9 10 11 12 13 14 15 16 17 18 19 20 21 22 23 24 25 |
---------------+----------------------------------------------------------------------------+-----
Long Blades    | 4 5 8 9 10 11 12 14 15 16 17 18 19 20 21 22 | 22.8
Fighting       | 4 7 8 9 11 13 15 16 17 18 20 21 22 23 24 | 24.0
Armour         | 3 6 7 8 9 10 11 12 13 14 15 16 17 18 19 | 19.6
Short Blades   | 5 |  5.8
Throwing       | 4 5 6 7 8 9 11 13 15 16 17 18 19 20 | 20.3
Dodging        | 5 6 8 9 10 11 | 11.3
Evocations     | 1 2 4 6 7 9 10 11 12 | 12.5
Shields        | 1 2 3 4 5 7 8 9 11 13 14 15 16 17 18 | 18.5
Maces & Flails | 1 3 5 6 7 9 10 | 10.1
Stealth        | 1 2 3 4 |  4.8

Action                   |  1- 3 |  4- 6 |  7- 9 | 10-12 | 13-15 | 16-18 | 19-21 | 22-24 | 25-27 || total
-------------------------+-------+-------+-------+-------+-------+-------+-------+-------+-------++-------
Melee: Falchion          |    99 |    73 |   243 |   525 |   178 |       |       |       |       ||  1118
       Punch             |     2 |     2 |     2 |       |       |       |       |       |       ||     6
       Dagger            |    12 |    17 |       |    24 |       |       |       |       |       ||    53
       Long sword        |       |       |       |    44 |       |       |       |       |       ||    44
       Double sword      |       |       |       |   167 |   632 |  1371 |  1114 |   846 |   257 ||  4387
       Flail             |       |       |       |     9 |       |       |       |   132 |       ||   141
       Eveningstar       |       |       |       |       |       |       |    92 |   172 |    91 ||   355
       Cutlass           |       |       |       |       |       |       |       |    17 |    18 ||    35
Throw: Stone             |     3 |    19 |    41 |    50 |    29 |       |       |       |       ||   142
       Boomerang         |       |       |    12 |    67 |   100 |   135 |   351 |   309 |   124 ||  1098
       Dart              |       |       |       |    20 |    96 |   387 |    25 |    10 |       ||   538
       Javelin           |       |       |       |       |       |       |    14 |    26 |     4 ||    44
Invok: Berserk           |       |       |     3 |     6 |     8 |    10 |    11 |     9 |     1 ||    48
       Brothers in Arms  |       |       |       |     3 |     1 |     6 |     5 |     4 |       ||    19
       Trog's Hand       |       |       |       |     3 |       |     2 |     2 |     2 |     1 ||    10
 Abil: Hop               |     1 |       |       |     1 |       |     1 |     1 |     1 |     1 ||     6
Evoke: Wand              |       |       |       |     3 |    10 |    41 |    11 |    10 |       ||    75
       Condenser vane    |       |       |       |       |     1 |     1 |       |       |       ||     2
       Lightning rod     |       |       |       |       |     4 |     4 |    11 |     5 |       ||    24
       Phantom mirror    |       |       |       |       |       |     1 |     2 |     3 |     1 ||     7
       Phial of floods   |       |       |       |       |       |     1 |       |     1 |       ||     2
       Box of beasts     |       |       |       |       |       |       |       |     2 |     2 ||     4
  Use: Scroll            |     1 |       |     7 |     4 |     6 |    16 |    10 |     2 |     1 ||    47
       Potion            |       |     1 |     2 |       |       |     2 |     3 |     5 |     2 ||    15
 Stab: Petrified         |       |       |       |     3 |       |       |       |       |       ||     3
       Paralysed         |       |       |       |       |     2 |     4 |     6 |     3 |       ||    15
       Held in net/web   |       |       |       |       |       |     1 |       |       |       ||     1
       Distracted        |       |       |       |       |       |       |     1 |     3 |       ||     4
       Sleeping          |       |       |       |       |       |       |     5 |       |       ||     5
       Invisible         |       |       |       |       |       |       |       |     1 |       ||     1
Armor: Crystal plate arm |    87 |    61 |   187 |   440 |   582 |  1028 |   471 |   161 |   273 ||  3290
       Fire dragon scale |       |       |       |       |       |       |   289 |   464 |       ||   753
       Shadow dragon sca |       |       |       |       |       |       |       |     3 |       ||     3
Dodge: Dodged            |    25 |    33 |    68 |   153 |   147 |   347 |   354 |   441 |   118 ||  1686
Block: Buckler           |       |       |    21 |   106 |   266 |   279 |       |       |       ||   672
       Kite shield       |       |       |       |       |       |   391 |   787 |   724 |   330 ||  2232
       Reflection        |       |       |       |       |       |    38 |    62 |    31 |    11 ||   142
